 Dungeon Crawl Stone Soup version 0.17.0-24-gcfadda4 (console) character file.

133 gw the Grasshopper (level 4, -3/37 HPs)
             Began as a Demigod Warper on Nov 17, 2015.
             Slain by Robin
             ... wielding a +0 spear
              (4 damage)
             ... on level 2 of the Dungeon.
             The game lasted 00:02:54 (2109 turns).

gw the Grasshopper (Demigod Warper)                 Turns: 2109, Time: 00:02:54

Health: -3/37      AC:  7    Str: 14    XL:     4   Next: 64%
Magic:  10/10      EV: 12    Int: 19    God:
Gold:   89         SH:  0    Dex: 15    Spells: 4 memorised, 0 levels left

rFire  . . .     SeeInvis .     a - +0 falchion
rCold  . . .     Clarity  .     b - +0 leather armour
rNeg   . . .     SustAt   +     (no shield)
rPois  .         Gourm    .     g - +0 helmet
rElec  .         Spirit   .     (no cloak)
rCorr  .         Warding  .     l - +2 pair of gloves
rMut   .         Rnd*Tele +     (no boots)
MR     .....                    (no amulet)
Stlth  +.........               (no ring)
                                i - ring of teleportation (curse)

@: not resistant to hostile enchantments, very unstealthy
A: high mp 1, sustain attributes
a: Evoke Teleportation


You were on level 2 of the Dungeon.
You were hungry.

You visited 1 branch of the dungeon, and saw 2 of its levels.

You collected 89 gold pieces.

Inventory:

Hand Weapons
 a - a +0 falchion (weapon)
Missiles
 o - 5 stones (quivered)
Armour
 b - a +0 leather armour (worn)
 g - a +0 helmet (worn)
 l - a +2 pair of gloves (worn)
Jewellery
 i - a cursed ring of teleportation (left hand)
Scrolls
 d - a scroll of blinking
 h - a scroll of amnesia {unknown}
 j - 3 scrolls of identify
 k - a scroll of teleportation {unknown}
 m - a scroll of recharging {unknown}
Potions
 e - a potion of curing {unknown}
Books
 c - a book of Spatial Translocations

   Spells                             Type                      Level
   a - Apportation                    Translocation                1
   b - Blink                          Translocation                2
   c - Shroud of Golubria             Charms/Translocation         2
   d - Portal Projectile              Translocation                3
   e - Teleport Other                 Translocation                3
   f - Passage of Golubria            Translocation                4
 q - a book of Fire

   Spells                             Type                      Level
   a - Ignite Poison                  Fire/Transmutation/Poison    3
   b - Fireball                       Conjuration/Fire             5
   c - Bolt of Fire                   Conjuration/Fire             6
   d - Delayed Fireball               Conjuration/Fire             7
   e - Ring of Flames                 Charms/Fire                  7
Comestibles
 f - 2 bread rations
 n - 2 meat rations
 p - 2 fruits


   Skills:
 + Level 2.4 Fighting
 + Level 2.2 Long Blades
 + Level 1.8 Throwing
 + Level 1.4 Armour
 - Level 1.7 Dodging
 * Level 2.6 Spellcasting
 + Level 3.3 Translocations


You couldn't memorise any spells.
You knew the following spells:

 Your Spells              Type           Power        Failure   Level  Hunger
a - Apportation           Tloc           ###.......   8%          1    None
b - Blink                 Tloc           N/A          10%         2    ##.....
c - Shroud of Golubria    Chrm/Tloc      #.........   17%         2    ##.....
d - Portal Projectile     Tloc           ###...       17%         3    ###....


Dungeon Overview and Level Annotations

Branches:
Dungeon (2/15)

Annotations:
D:2 Robin


Innate Abilities, Weirdness & Mutations

You have an increased reservoir of magic (+10% MP).
Your attributes are resistant to harm.


Message History

The goblin hits you but does no damage. x2
ATTACKING (-1,1)
You completely miss the goblin. The rat closely misses you.
The goblin barely misses you.
The hobgoblin hits you but does no damage.
Something hits you. The hobgoblin barely misses you.
The goblin hits you but does no damage. The rat misses you.
The goblin barely misses you.
ATTACKING (-1,1)
You closely miss the goblin. The goblin misses you.
Something barely misses you. The hobgoblin closely misses you.
The hobgoblin splashes around in the water.
The goblin closely misses you. The rat barely misses you.
The goblin hits you but does no damage.
ATTACKING (-1,1)
You hit the goblin.
The goblin is moderately wounded.
The goblin splashes around in the water.
Something hits you.
You die...

..#########.##...
(..~~#.......##.##
...P~#.......##.##
#77..~7P...)...##.#.
##7(...~~7P...........
#77~~~~...~~77.....#####
7~~P~P....~~~77....# #
7P~~~~%gg.~~~77....# #
7~~~~~Ppgg~~777##### #
77P~P~ggr.P~~7 #
7P~~~~~..{.~P7 #
7~~~~P~~..~~~7 #
#~~~~~~...~~77
##P~~~~~..~~~>
#7~~~~~...7...
7~P~~P.......


You could see 2 hobgoblins, 4 goblins and a rat.

Table legend:
 A = Turns spent in this place as a percentage of turns spent in the entire game.
 B = Non-inter-level travel turns spent in this place as a percentage of non-inter-level travel turns spent in the entire game.
 C = Inter-level travel turns spent in this place as a percentage of turns spent in this place.
 D = Turns resting spent in this place as a percentage of non-inter-level travel turns spent in this place.
 E = Turns spent auto-exploring this place as a percentage of non-inter-level travel turns spent in this place.
 F = Non-inter-level travel turns spent in this place divided by the number of levels of this place that you've seen.
                   A       B       C       D       E      F
               +-------+-------+-------+-------+-------+----------------------
         Total | 100.0 | 100.0 |   0.3 |   0.7 |   2.1 | 1793.5
       Dungeon | 100.0 | 100.0 |   0.3 |   0.7 |   2.1 | 1793.5
               +-------+-------+-------+-------+-------+----------------------

Table legend:
 A = Kills in this place as a percentage of kills in entire the game.
 B = Kills by you in this place as a percentage of kills by you in the entire game.
 C = Kills by friends in this place as a percentage of kills by friends in the entire game.
 D = Other kills in this place as a percentage of other kills in the entire game.
 E = Experience gained in this place as a percentage of experience gained in the entire game.
 F = Experience gained in this place divided by the number of levels of this place that you have seen.
                   A       B       C       D       E      F
               +-------+-------+-------+-------+-------+----------------------
         Total | 100.0 | 100.0 |  -nan |  -nan | 100.0 |  95.5
       Dungeon | 100.0 | 100.0 |  -nan |  -nan | 100.0 |  95.5
               +-------+-------+-------+-------+-------+----------------------

Vanquished Creatures
  Terence (D:2)
  6 adders (D:2)
  3 worms (D:2)
  A giant gecko (D:1)
  5 bats
  12 goblins
  6 hobgoblins
  A quokka (D:2)
  3 giant cockroaches (D:2)
  2 giant newts (D:1)
  A kobold (D:2)
  6 rats
47 creatures vanquished.

Vanquished Creatures (others)
  5 toadstools (D:1)
5 creatures vanquished.

Grand Total: 52 creatures vanquished

Notes
Turn   | Place    | Note
--------------------------------------------------------------
     0 | D:1      | gw the Demigod Warper began the quest for the Orb.
     0 | D:1      | Reached XP level 1. HP: 17/17 MP: 5/5
   125 | D:1      | Reached skill level 1 in Throwing
   125 | D:1      | Reached skill level 1 in Armour
   305 | D:1      | Reached XP level 2. HP: 22/24 MP: 7/7
   330 | D:1      | Learned a level 2 spell: Blink
   623 | D:2      | Noticed Terence
   635 | D:2      | Killed Terence
   635 | D:2      | Reached skill level 3 in Translocations
   635 | D:2      | Reached XP level 3. HP: 25/29 MP: 8/8
   769 | D:2      | Learned a level 2 spell: Shroud of Golubria
  1073 | D:2      | Found a burning altar of Makhleb.
  1073 | D:2      | Found a radiant altar of Vehumet.
  1424 | D:2      | Reached XP level 4. HP: 27/36 MP: 10/10
  1593 | D:2      | Learned a level 3 spell: Portal Projectile
  2089 | D:2      | Noticed Robin
  2107 | D:2      | HP: 1/37 [something (4)]
  2109 | D:2      | Slain by Robin

Action                   |  1- 3 |  4- 6 || total
-------------------------+-------+-------++-------
Melee: Falchion          |   106 |   142 ||   248
Throw: Javelin           |    41 |     8 ||    49
       Stone             |    28 |    23 ||    51
       Tomahawk          |     5 |       ||     5
  Use: Potion            |     3 |       ||     3
       Scroll            |     2 |       ||     2
 Stab: Sleeping          |       |     1 ||     1
  Eat: Chunk             |     2 |     2 ||     4

Vault maps used:
D:1:      ldierk_walled_garden
D:2:      gammafunk_temple_overflow_statue, first_bread, serial_bayou,
          serial_bayou_ford_a, serial_bayou_lake_a, serial_bayou_crossing,
          serial_bayou_shore_b, serial_bayou_pond_b, serial_bayou_shore_b,
          uniq_robin, uniq_terence
